 Dungeon Crawl Stone Soup version 0.21.1-1-g345015f (webtiles) character file.

1871 poirepourri the Cleaver (level 8, -1/78 HPs)
             Began as a Deep Dwarf Fighter on July 21, 2018.
             Was a Follower of Makhleb.
             Slain by an ogre
             ... wielding a +0 giant spiked club
              (20 damage)
             ... on level 6 of the Dungeon.
             The game lasted 00:08:02 (3759 turns).

poirepourri the Cleaver (Deep Dwarf Fighter)        Turns: 3759, Time: 00:08:02

Health: -1/78      AC: 10    Str: 21    XL:     8   Next: 90%
Magic:  4/4        EV: 10    Int:  8    God:    Makhleb [*.....]
Gold:   287        SH: 10    Dex: 14    Spells: 7/7 levels left

rFire    . . .     SeeInvis .   a - +1 war axe
rCold    . . .     Gourm    .   c - +1 shield
rNeg     + . .     Faith    .   b - +0 scale mail
rPois    .         Spirit   .   (no helmet)
rElec    .         Reflect  .   (no cloak)
rCorr    .         Harm     .   (no gloves)
MR       +....                  e - +2 pair of boots
Stlth    ..........             (no amulet)
HPRegen  0.00/turn              p - ring of positive energy
MPRegen  0.09/turn              (no ring)

@: non-regenerating
A: damage resistance, heal wounds, sense surroundings 1, no regeneration
a: Heal Wounds, Renounce Religion


You were on level 6 of the Dungeon.
You worshipped Makhleb.
Makhleb was aware of your devotion.
You were not hungry.

You visited 2 branches of the dungeon, and saw 7 of its levels.

You collected 287 gold pieces.

Inventory:

Hand Weapons
 a - a +1 war axe (weapon)
Missiles
 k - 10 poisoned needles
Armour
 b - a +0 scale mail (worn)
 c - a +1 shield (worn)
 e - a +2 pair of boots (worn)
Jewellery
 p - a ring of positive energy (left hand)
Wands
 d - a wand of random effects (6)
Scrolls
 f - a scroll of teleportation
 h - 3 scrolls of remove curse
 l - a scroll of magic mapping
 m - a scroll of identify
 o - a scroll of blinking {unknown}
 q - a scroll of immolation {unknown}
Potions
 i - 2 potions of curing
 j - a potion of flight
 n - a potion of brilliance
Comestibles
 g - 4 rations


   Skills:
 + Level 6.5 Fighting
 - Level 9.2 Axes
 - Level 3.2 Armour
 - Level 5.2 Dodging
 - Level 3.2 Shields


You had 7 spell levels left.
You didn't know any spells.

Dungeon Overview and Level Annotations

Branches:
Dungeon (6/15)             Temple (1/1) D:6

Altars:
Ashenzari
Cheibriados
Dithmenos
Elyvilon
Fedhas
Hepliaklqana
Kikubaaqudgha
Makhleb
Nemelex Xobeh
Okawaru
Qazlal
Ru
Sif Muna
Trog
Uskayaw
Wu Jian
Xom
Yredelemnul
Zin
The Shining One

Shops:
D:6 }

Annotations:
D:3 poxu's ghost, weakling DEWz


Innate Abilities, Weirdness & Mutations

You are resistant to damage.
You can heal yourself by infusing magical energy.
You passively map a small area around you.
You do not regenerate.


Message History

Aiming: Random Effects
Press: ? - help, Shift-Dir - straight line, f - ogre
Aim: an ogre, wielding a giant spiked club (lightly wounded)
The ogre flickers and vanishes!
Deactivating autopickup; reactivate with Ctrl-A.
Something hits you!
You closely miss something. Something hits you!
You closely miss something. Something hits you but does no damage.
You hit something but do no damage. Something hits you!!
* * * LOW HITPOINT WARNING * * *
You closely miss something. You slash something! Something hits you.
You feel much better. Something hits you!
You hit something. Something hits you!!
* * * LOW HITPOINT WARNING * * *
You miss something.
You feel much better. Something hits you!!
* * * LOW HITPOINT WARNING * * *
You feel much better. Something hits you!!
You die...

#. * * * #. *,
#. * , #. *
#.* * * , #. ,
#.#######.##..
#<...{@.......
,
#..######.####
* #..# , #....
#..######.
#....
##........,
*....
#.######..## #
#...
##.###.......
#.*#...
#..........#
#.##...
#..........#
.##......


There were no monsters in sight!

Vanquished Creatures
  Sigmund (D:6)
  The ghost of Ethylacetat the Firebug, an amateur NaFE (D:4)
  Duvessa (D:6)
  An ice beast (D:6)
  4 ogres
  2 centaurs (D:5)
  A scorpion (D:4)
  Dowan (D:6)
  5 killer bees (D:5)
  A hound (D:4)
  3 orc wizards
  Jessica (D:2)
  2 bullfrog skeletons
  An iguana (D:4)
  3 worker ants
  A hound skeleton (D:5)
  Robin (D:2)
  9 adders
  6 gnolls
  A shadow imp (D:5)
  An adder skeleton (D:5)
  2 worms
  A dart slug (D:3)
  2 leopard geckos
  12 orcs
  4 giant cockroaches
  17 goblins
  10 hobgoblins
  5 jackals
  A ball python skeleton (D:4)
  A ball python zombie (D:5)
  4 bats
  11 frilled lizards
  3 kobolds
  A leopard gecko skeleton (D:5)
  A quokka zombie (D:5)
  7 rats
129 creatures vanquished.

Notes
Turn   | Place    | Note
-------+----------+-------------------------------------------
     0 | D:1      | poirepourri the Deep Dwarf Fighter began the quest for the Orb.
     0 | D:1      | Reached XP level 1. HP: 20/20 MP: 1/1
   179 | D:1      | Reached skill level 3 in Axes
   179 | D:1      | Reached XP level 2. HP: 21/27 MP: 2/2
   246 | D:2      | Reached XP level 3. HP: 11/33 MP: 3/3
   251 | D:2      | Reached skill level 4 in Axes
   284 | D:2      | Noticed Jessica
   291 | D:2      | Killed Jessica
   291 | D:2      | Reached XP level 4. HP: 33/40 MP: 4/4
   319 | D:2      | Reached skill level 5 in Axes
   345 | D:2      | You fall through a shaft!
   356 | D:3      | Found an iron altar of Okawaru.
   651 | D:3      | Noticed poxu's ghost (weakling DEWz)
   674 | D:3      | Found a burning altar of Makhleb.
   759 | D:2      | Found a shimmering altar of Xom.
   761 | D:2      | Found a hazy altar of Hepliaklqana.
   762 | D:2      | Noticed a spectral ugly thing
   809 | D:2      | Reached XP level 5. HP: 15/46 MP: 5/5
   951 | D:2      | Reached skill level 6 in Axes
  1282 | D:2      | Noticed Robin
  1292 | D:2      | Killed Robin
  1386 | D:2      | Found a deep blue altar of Sif Muna.
  1520 | D:3      | Noticed a cacodemon
  1524 | D:3      | Noticed a smoke demon
  1524 | D:3      | Noticed an orange demon
  1526 | D:3      | Became a worshipper of Makhleb the Destroyer
  1824 | D:4      | Reached skill level 7 in Axes
  1824 | D:4      | Reached XP level 6. HP: 30/55 MP: 6/6
  1944 | D:4      | Noticed Ethylacetat's ghost (amateur NaFE)
  1957 | D:4      | Killed Ethylacetat's ghost
  1957 | D:4      | Reached skill level 8 in Axes
  2022 | D:4      | Reached skill level 1 in Dodging
  2022 | D:4      | Reached XP level 7. HP: 43/62 MP: 7/7
  2084 | D:4      | Found a bloodstained altar of Trog.
  2306 | D:5      | Entered Level 5 of the Dungeon
  2395 | D:5      | Found a hide-covered altar of Uskayaw.
  2474 | D:5      | Reached skill level 5 in Dodging
  2495 | D:5      | Reached XP level 8. HP: 25/69 MP: 7/7
  2535 | D:5      | Found a white marble altar of Elyvilon.
  2655 | D:5      | Reached * piety under Makhleb
  2695 | D:5      | Reached skill level 9 in Axes
  3263 | D:6      | Noticed Sigmund
  3273 | D:6      | Killed Sigmund
  3273 | D:6      | Reached skill level 5 in Fighting
  3323 | D:6      | Found Analott's Gadget Boutique.
  3382 | D:6      | Found a staircase to the Ecumenical Temple.
  3388 | D:6      | Noticed Duvessa
  3389 | D:6      | Noticed Dowan
  3394 | Temple   | Entered the Ecumenical Temple
  3690 | D:6      | Killed Dowan
  3706 | D:6      | Killed Duvessa
  3758 | D:6      | HP: 1/78 [something (26)]
  3759 | D:6      | Slain by an ogre

Skill      XL: |  1  2  3  4  5  6  7  8 |
---------------+-------------------------+-----
Axes           | 3 4 5 7 8 9 |  9.2
Fighting       | 3 6 |  6.5
Dodging        | 1 5 |  5.2
Armour         | |  3.2
Shields        | |  3.2

Action                   |  1- 3 |  4- 6 |  7- 9 || total
-------------------------+-------+-------+-------++-------
Melee: War axe           |    46 |   240 |   191 ||   477
 Abil: Heal Wounds       |     1 |     3 |    14 ||    18
Evoke: Wand              |       |     7 |     5 ||    12
  Use: Potion            |     1 |     2 |     6 ||     9
       Scroll            |     1 |     8 |     4 ||    13
  Eat: Ration            |       |     2 |     1 ||     3
Armor: Scale mail        |    18 |   114 |    77 ||   209
Dodge: Dodged            |    13 |    74 |    65 ||   152
Block: Shield            |    29 |   154 |   118 ||   301
